 Dungeon Crawl Stone Soup version 0.29-a0-67-g1d65ae1bb4 (webtiles) character file.

Game seed: 8823785217013192743

93 Bosse the Chopper (level 4, -1/35 HPs)
             Began as a Demonspawn Abyssal Knight on Feb 3, 2022.
             Was a Believer of Lugonu.
             Slain by a gnoll (3 damage)
             ... on level 2 of the Dungeon.
             The game lasted 00:04:37 (2123 turns).

Bosse the Chopper (Demonspawn Abyssal Knight)       Turns: 2123, Time: 00:04:38

Health: -1/35      AC:  5    Str: 15    XL:     4   Next: 37%
Magic:  5/5        EV: 11    Int: 11    God:    Lugonu [**....]
Gold:   36         SH:  5    Dex: 14    Spells: 3/3 levels left

rFire   . . .      SeeInvis .   a - +1 hand axe
rCold   . . .      Faith    .   (no shield)
rNeg    . . .      Spirit   .   h - +0 ring mail
rPois   .          Reflect  +   (no helmet)
rElec   .          Harm     .   (no cloak)
rCorr   .          Rampage  .   (no gloves)
Will    .....                   (no boots)
Stlth   +.........              j - amulet of reflection
HPRegen 0.11/turn               i - ring of flight
MPRegen 0.09/turn               (no ring)

@: flying
A: claws 1, powered by death 2
a: Renounce Religion, Depart the Abyss, Bend Space


You were on level 2 of the Dungeon.
You worshipped Lugonu.
Lugonu was pleased with you.
You visited 1 branch of the dungeon, and saw 2 of its levels.
You visited the Abyss 1 time.

You collected 36 gold pieces.

Inventory:

Hand Weapons
 a - a +1 hand axe (weapon)
Armour
 b - a +0 leather armour
 h - a +0 ring mail (worn)
Jewellery
 i - a ring of flight (left claw)
 j - an amulet of reflection (around neck)
Scrolls
 c - a scroll of blinking {unknown}
 d - a scroll of magic mapping {unknown}
 g - 2 scrolls of identify {unknown}
Potions
 e - 4 potions of curing {unknown}
 f - a potion of heal wounds {unknown}


   Skills:
 - Level 3.0 Fighting
 * Level 3.2 Axes
 + Level 2.5 Armour
 + Level 2.0 Dodging
 - Level 2.4 Invocations


You had 3 spell levels left.
You didn't know any spells.
Your spell library was empty.

Dungeon Overview and Level Annotations

Branches:
Dungeon (2/15)

Altars:


Innate Abilities, Weirdness & Mutations

You have sharp fingernails.
You regenerate health from kills.


Message History

The gnoll hits you with a +0 club.
You hit the gnoll but do no damage.
The gnoll is severely wounded.
The gnoll barely misses you.
The quokka bites you but does no damage.
You barely miss the gnoll.
The gnoll is severely wounded.
You hit the quokka but do no damage. The gnoll hits you with a +0 club.
You block the quokka's attack.
You barely miss the gnoll.
The gnoll is severely wounded.
You closely miss the quokka. The quokka bites you.
The gnoll hits you but does no damage.
You barely miss the gnoll.
The gnoll is severely wounded.
You closely miss the quokka.
The quokka bites you but does no damage.
The gnoll hits you with a +0 club.
* * * LOW HITPOINT WARNING * * *
The quokka bites you.
* * * LOW HITPOINT WARNING * * *
You closely miss the quokka. You closely miss the gnoll.
The gnoll hits you with a +0 club.
* * * LOW HITPOINT WARNING * * *
The quokka barely misses you.
You closely miss the quokka. You hit the gnoll.
You kill the gnoll!
Lugonu accepts your kill. The quokka bites you.
* * * LOW HITPOINT WARNING * * *
You hit the quokka.
The quokka is moderately wounded.
You block the quokka's attack.
A gnoll comes into view. It is wielding a +0 whip.
The quokka barely misses you.
You hit the quokka.
You kill the quokka!
Lugonu accepts your kill. The gnoll hits you with a +0 whip.
You die...

##..........≈≈≈≈≈≈...
###.........≈≈≈≈....
#########.................
#....†............)...#...
#..........#####...
..#........# ###
#.....##.#
...######.####.### #..#
#.@)...... ... #.g###?###.
## #..# ...#. .... .
...... . ...... .. .....


You could see a gnoll.

Vanquished Creatures
  2 adders (D:2)
  2 gnolls (D:2)
  5 bats
  4 endoplasms
  3 giant cockroaches (D:2)
  3 hobgoblins (D:1)
  7 jackals (D:1)
  7 quokkas
  4 ball pythons
  6 frilled lizards (D:2)
  5 goblins (D:1)
  A kobold (D:1)
  7 rats
56 creatures vanquished.

Notes
Turn   | Place    | Note
-------+----------+-------------------------------------------
     0 | Abyss:1  | Bosse the Demonspawn Abyssal Knight began the quest for the
                  | Orb.
     0 | Abyss:1  | Reached XP level 1. HP: 18/18 MP: 2/2
    84 | Abyss:1  | Noticed a starcursed mass
    85 | D:1      | Escaped the Abyss
   280 | D:1      | Reached skill level 1 in Dodging
   394 | D:1      | Gained mutation: You regenerate a little health from kills.
                  | [demonic ancestry]
   394 | D:1      | Reached XP level 2. HP: 6/24 MP: 3/3
   828 | D:1      | Reached * piety under Lugonu
   960 | D:1      | Gained mutation: You have sharp fingernails. [demonic
                  | ancestry]
   960 | D:1      | Reached XP level 3. HP: 28/29 MP: 4/4
  1819 | D:2      | Reached ** piety under Lugonu
  1820 | D:2      | Gained mutation: You regenerate health from kills. [demonic
                  | ancestry]
  1820 | D:2      | Reached XP level 4. HP: 16/35 MP: 5/5
  2121 | D:2      | HP: 1/35 [quokka (1)]
  2123 | D:2      | Slain by a gnoll

Illustrated notes

Levels and vault maps discovered:
D:1:      heliophobic_arrival_battle_scene, layout_loops_ring
D:2:      layout_rooms, ebering_ecumenical_altar_box, dk_vineyard_3,
          minmay_lizard_pond

Skill      XL: |  1  2  3  4 |
---------------+-------------+-----
Dodging        | 1 2 |  2.0
Axes           | 2 3 |  3.2
Armour         | 2 |  2.5
Fighting       | |  3.0
Invocations    | |  2.4

Action                   |  1- 3 |  4- 6 || total
-------------------------+-------+-------++-------
Melee: Hand axe          |   161 |    28 ||   189
       Punch             |     1 |       ||     1
Invok: Depart the Abyss  |     1 |       ||     1
 Stab: Sleeping          |     1 |       ||     1
Armor: Leather armour    |    29 |       ||    29
       Ring mail         |    47 |    10 ||    57
Dodge: Dodged            |   110 |    12 ||   122
Block: Other             |       |     6 ||     6

Table legend: (Time is in decaauts)
 A = Elapsed time spent in this place.
 B = Non-inter-level travel time spent in this place.
 C = Inter-level travel time spent in this place.
 D = Time resting spent in this place.
 E = Time spent auto-exploring this place.
 F = Levels seen in this place.
 G = Mean time per level.
                   A        B        C        D        E       F      G
               +--------+--------+--------+--------+--------+-----+--------+
         Total |   2154 |   2142 |     12 |      0 |   1734 |   3 |  718.0 |
       Dungeon |   2069 |   2057 |     12 |      0 |   1652 |   2 | 1034.5 |
         Abyss |     85 |     85 |      0 |      0 |     82 |   1 |   85.0 |
               +--------+--------+--------+--------+--------+-----+--------+

Top non-repeatable levels by time:
     D:1: 1386 daAuts
     D:2: 682 daAuts
 Abyss:1: 85 daAuts
